 Dungeon Crawl Stone Soup version 0.23-a0-204-g3eb00d1601 (webtiles) character file.

195 splatterpode the Chopper (level 5, -4/36 HPs)
             Began as an Octopode Fighter on Sept 24, 2018.
             Slain by terminal's ghost (9 damage)
             ... on level 3 of the Dungeon.
             The game lasted 00:03:42 (2974 turns).

splatterpode the Chopper (Octopode Fighter)         Turns: 2974, Time: 00:03:43

Health: -4/36      AC:  1    Str: 20    XL:     5   Next: 74%
Magic:  5/5        EV: 14    Int: 10    God:
Gold:   190        SH:  9    Dex: 13    Spells: 4/4 levels left

rFire    . . .     SeeInvis .   a - +0 war axe
rCold    . . .     Gourm    .   b - +0 shield
rNeg     . . .     Faith    .   (helmet restricted)
rPois    .         Spirit   .   q - amulet of magic regeneration
rElec    .         Reflect  .   h - +2 ring of evasion
rCorr    .         Harm     .   (no ring)
MR       .....                  (no ring)
Stlth    +++.......             (no ring)
HPRegen  0.12/turn              (no ring)
MPRegen  0.34/turn              (no ring)
                                (no ring)
                                (no ring)

@: mighty
A: almost no armour, stealthy swim, amphibious, 8 rings, constrict 8, camouflage
1, gelatinous body 1
a: no special abilities


You were on level 3 of the Dungeon.
You were hungry.

You visited 1 branch of the dungeon, and saw 3 of its levels.

You collected 190 gold pieces.

Inventory:

Hand Weapons
 a - a +0 war axe (weapon)
Armour
 b - a +0 shield (worn)
Jewellery
 h - a +2 ring of evasion (left tentacle)
 q - an amulet of magic regeneration (around mantle)
Wands
 k - a wand of paralysis (18)
Scrolls
 j - a scroll of remove curse
 m - a scroll of enchant armour {unknown}
 o - a scroll of teleportation {unknown}
 r - a scroll of fear {unknown}
Potions
 e - a potion of ambrosia
 f - 2 potions of heal wounds
 i - 2 potions of curing
 l - a potion of haste {unknown}
 n - a potion of magic {unknown}
 p - a potion of mutation {unknown}
Comestibles
 d - 7 rations


   Skills:
 + Level 3.6 Fighting
 * Level 3.7 Axes
 + Level 3.6 Dodging
 + Level 2.8 Stealth
 + Level 3.6 Shields


You had 4 spell levels left.
You didn't know any spells.
Your spell library was empty.

Dungeon Overview and Level Annotations

Branches:
Dungeon (3/15)

Altars:
Ru

Annotations:
D:3 terminal's ghost, weakling DrWn; tmwh's ghost, amateur GrEE


Innate Abilities, Weirdness & Mutations

You cannot wear most types of armour.
You are very stealthy in the water. (Stealth+)
You are amphibious.
You can wear up to eight rings at the same time.
You can use your tentacles to constrict eight enemies at once.
Your skin changes colour to match your surroundings (Stealth+).
Your rubbery body absorbs attacks. (AC +1, EV +1)


Message History

Found a trident.
Press: ? - help, v - describe, . - travel
Here: tmwh's ghost (fire blocked by a translucent stone wall)
The floor.
Press: ? - help, v - describe, . - travel
Here: terminal's ghost, wielding a weapon of electrocution (fire blocked by a The floor.
You open the gate. You hit tmwh's ghost.
Tmwh's ghost is lightly damaged.
Tmwh's ghost completely misses you.
You feel very mighty all of a sudden.
Terminal's ghost hits you but does no damage.
You are electrocuted!
Tmwh's ghost hits you!
You slash tmwh's ghost! You squeeze tmwh's ghost.
Tmwh's ghost is severely damaged.
You slash terminal's ghost! Terminal's ghost hits you.
* * * LOW HITPOINT WARNING * * *
You are electrocuted!
You die...

#.........### ##.## #.##.##.
#####.......# #.# #.......
###########.# #.# #.......
............# ##'## ##.#.#.#
.##########.# ##...## #.#.#.# .##
#########.....## #.#...# ..#
##)##=P⌠.#......## #..#..#
#.#####.##8....#.......####.....#
........#).....#@......'.........
#.#####.#P.....WW......####....##
#.# ###⌠.....'......## ##.....
#.# #####P.....'.....## #.#..#
#.###...#$.....#....## #.##.#
#..##.####8....#.#'## #.##.#
##.##.# ##$P⌠P###.# #..... #.##.#
##### #.# ####.# #.##.# ##.##
########.#


You could see terminal's ghost and tmwh's ghost.

Vanquished Creatures
  An orc priest (D:3)
  A worker ant (D:2)
  4 adders
  4 oozes
  4 worms
  2 dart slugs (D:3)
  2 leopard geckos
  5 orcs (D:3)
  A giant cockroach (D:1)
  5 goblins
  8 hobgoblins
  9 jackals
  2 quokkas (D:3)
  A ball python (D:3)
  5 bats
  A frilled lizard (D:2)
  4 kobolds
  10 rats
69 creatures vanquished.

Vanquished Creatures (others)
  A withered plant (D:3)
1 creature vanquished.

Grand Total: 70 creatures vanquished

Notes
Turn   | Place    | Note
-------+----------+-------------------------------------------
     0 | D:1      | splatterpode the Octopode Fighter began the quest for the
                  | Orb.
     0 | D:1      | Reached XP level 1. HP: 16/16 MP: 1/1
   275 | D:1      | Reached XP level 2. HP: 21/21 MP: 2/2
   400 | D:1      | Reached skill level 1 in Stealth
   415 | D:1      | Reached XP level 3. HP: 12/26 MP: 3/3
   944 | D:2      | Reached XP level 4. HP: 31/31 MP: 4/4
  1835 | D:3      | Found a sacrificial altar of Ru.
  1846 | D:3      | Reached XP level 5. HP: 24/36 MP: 5/5
  2503 | D:3      | Found a runed gate.
  2503 | D:3      | Found a runed gate.
  2503 | D:3      | Found a runed gate.
  2518 | D:3      | Noticed tmwh's ghost (amateur GrEE)
  2894 | D:3      | Noticed terminal's ghost (weakling DrWn)
  2974 | D:3      | Slain by terminal's ghost

Vault maps used:
D:1:      tarquinn_simple_flora_water_c, minmay_pentomino_v4
D:2:      cheibrodos_old_hovel, first_ration
D:3:      nicolae_ru_great_annihilating_truth, gammafunk_ghost_cemetery,
          minivault_4

Skill      XL: |  1  2  3  4 |
---------------+-------------+-----
Stealth        | 1 2 |  2.8
Axes           | 3 |  3.7
Fighting       | |  3.6
Dodging        | |  3.6
Shields        | |  3.6

Action                   |  1- 3 |  4- 6 || total
-------------------------+-------+-------++-------
Melee: War axe           |    33 |    88 ||   121
       Constrict         |     9 |    24 ||    33
       Tentacles         |     4 |    14 ||    18
  Use: Scroll            |       |     4 ||     4
       Potion            |       |     1 ||     1
 Stab: Sleeping          |     4 |    11 ||    15
       Paralysed         |       |     1 ||     1
  Eat: Chunk             |       |     6 ||     6
Armor: Skin              |     2 |     6 ||     8
Dodge: Dodged            |    14 |    34 ||    48
Block: Shield            |    15 |    39 ||    54

Table legend:
 A = Non-vault XP
 B = Vault XP
 C = Vault XP percentage of total XP
 D = Non-vault monster count
 E = Vault monster count
 F = Vault count percentage of total count
                 A         B        C        D         E       F
            +---------+---------+-------+---------+---------+-------
      Total |     250 |      29 |  10.4 |      61 |       8 |  11.6
            +---------+---------+-------+---------+---------+-------
        D:1 |      38 |       4 |   9.5 |      18 |       3 |  14.3
        D:2 |     101 |       5 |   4.7 |      23 |       1 |   4.2
        D:3 |     111 |      20 |  15.3 |      20 |       4 |  16.7
            +---------+---------+-------+---------+---------+-------
